 Seeded DCSS version 0.30-a0-1161-g0704695555 (webtiles) character file.

Game seed: 15125089867304992907 (custom seed)

39670 voltaire321 the Unseen (level 14, -2/88 HPs)
             Began as a Kobold Enchanter on Apr 27, 2023.
             Was a Priest of Wu Jian.
             Slain by a death yak (22 damage)
             ... on level 4 of the Lair of Beasts.
             The game lasted 00:53:49 (17466 turns).

voltaire321 the Unseen (Kobold Enchanter)          Turns: 17466, Time: 00:53:50

Health: -2/88      AC: 14    Str:  7    XL:     14   Next: 40%
Magic:  42/43      EV: 17    Int: 18    God:    Wu Jian [***...]
Gold:   4191       SH: 11    Dex: 17    Spells: 11/28 levels left

rFire   . . .        D - +2 dagger (venom)
rCold   . . .        J - +0 buckler
rNeg    . . .        k - +0 swamp dragon scales
rPois   +            F - +1 helmet
rElec   .            (no cloak)
rCorr   .            j - +2 pair of gloves
SInv    .            (no boots)
Will    +....        f - amulet of reflection
Stlth   +++++++      d - ring of magical power
HPRegen 0.34/turn    B - ring of magical power
MPRegen 0.28/turn

%: reflection
@: about to teleport, studying Stealth
A: small, no large weapons, nightstalker 3
a: Renounce Religion, Wall Jump, Serpent's Lash


You were on level 4 of the Lair of Beasts.
You worshipped Wu Jian.
Wu Jian was most pleased with you.
You visited 3 branches of the dungeon, and saw 16 of its levels.

You collected 4191 gold pieces.

Inventory:

Hand Weapons
 D - a +2 dagger of venom (weapon)
 K - a +2 rapier
 O - the +11 Singing Sword {sonic wave}
   (You found it on level 10 of the Dungeon)
Missiles
 b - 32 poisoned darts
Armour
 j - a +2 pair of gloves (worn)
 k - +0 swamp dragon scales (worn)
 C - a +0 troll leather armour
 F - a +1 helmet (worn)
 H - +0 steam dragon scales
 J - a +0 buckler (worn)
 L - a +2 ring mail of cold resistance
 P - +0 acid dragon scales
Jewellery
 a - a +4 ring of protection
 d - a ring of magical power (left hand)
 f - an amulet of reflection (around neck)
 h - the amulet of False Hope {Acrobat rC+}
   (You found it on level 9 of the Dungeon)

   [amulet of the acrobat]

   It increases your evasion while moving and waiting.
   rC:        It protects you from cold.
 r - a ring of ice
 B - a ring of magical power (right hand)
 I - a ring of protection from cold
Wands
 o - a wand of polymorph (19)
 x - a wand of flame (4)
 y - a wand of paralysis (8)
 M - a wand of roots (12)
Scrolls
 i - 3 scrolls of magic mapping
 n - 2 scrolls of enchant armour
 q - a scroll of silence
 u - 5 scrolls of fog
 v - 2 scrolls of fear
 w - 4 scrolls of teleportation
 z - 4 scrolls of identify
 E - 2 scrolls of blinking
Potions
 c - 6 potions of invisibility
 e - 7 potions of mutation
 g - 3 potions of might
 l - a potion of ambrosia
 m - 2 potions of brilliance
 p - 5 potions of curing
 s - 4 potions of haste
 t - 2 potions of resistance
 A - a potion of lignification
 G - 4 potions of flight
 N - a potion of cancellation


   Skills:
 + Level 10.2 Fighting
 - Level 6.5 Short Blades
 - Level 5.0 Armour
 + Level 11.3 Dodging
 + Level 18.3 Stealth
 - Level 5.0 Shields
 + Level 7.5 Spellcasting
 - Level 5.0 Conjurations
 + Level 9.4 Hexes
 * Level 3.8 Fire Magic
 - Level 5.0 Ice Magic
 * Level 3.8 Air Magic


You had 11 spell levels left.
You knew the following spells:

 Your Spells              Type           Power      Damage    Failure   Level
a - Ensorcelled Hibernat  Hex/Ice        64%        N/A       3%          2
b - Confusing Touch       Hex            40%        N/A       3%          3
c - Tukima's Dance        Hex            40%        N/A       3%          3
d - Dazzling Flash        Conj/Hex       64%        N/A       8%          3
e - Plasma Beam           Fire/Air       10%        2x1d23    100%        6

Your spell library contained the following spells:

 Spells                   Type           Power      Damage    Failure   Level
 Kiss of Death            Conj/Necr      60%        2d10      17%         1
 Swiftness                Air            20%        N/A       30%         3
 Vhi's Electric Charge    Tloc/Air       26%        N/A       54%         3
 Passwall                 Tmut/Erth      5%         N/A       58%         2
 Gell's Gravitas          Tloc           6%         N/A       82%         3
 Teleport Other           Tloc           6%         N/A       82%         3
 Arcjolt                  Conj/Air       11%        1d21      91%         5
 Dispel Undead            Necr           6%         3d8       99%         4
 Dispersal                Tloc           3%         N/A       100%        6
 Chain Lightning          Conj/Air       11%        3d14      100%        9
 Fire Storm               Conj/Fire      11%        8d3       100%        9
 Shatter                  Erth           3%         3d7*      100%        9


Dungeon Overview and Level Annotations

Branches:
Dungeon (11/15)            Temple (1/1) D:4            Lair (4/5) D:11
 Shoals (0/4) Lair:3       Spider (0/4) Lair:2        Slime (0/5) Lair:4
    Orc (0/2) D:11

Altars:
Ashenzari
Cheibriados
Dithmenos
Elyvilon
Fedhas
Gozag
Hepliaklqana
Kikubaaqudgha
Makhleb
Nemelex Xobeh
Okawaru
Qazlal
Ru
Sif Muna
Trog
Uskayaw
Vehumet
Wu Jian
Xom
Yredelemnul
Zin
The Shining One
Jiyva

Shops:
D:6 (   D:9 *

Annotations:
D:6 1 runed translucent door
Lair:2 3 runed translucent doors, elongatedgoose's ghost, journeyman HOFi


Innate Abilities, Weirdness & Mutations

You are small and have problems with some larger weapons.
You are completely attuned to the shadows.


Message History

The death yak is moderately wounded.
The death yak closely misses you.
You completely miss the death yak.
The death yak is moderately wounded.
You completely miss the death yak.
The death yak is moderately wounded.
The death yak gores you.
You hit the death yak.
The death yak looks as sick as possible!
The death yak is heavily wounded.
The death yak gores you but does no damage.
You hit the death yak.
The death yak looks as sick as possible!
The death yak is heavily wounded.
The death yak gores you!
You hit the death yak.
The death yak is heavily wounded.
You hit the death yak.
The death yak looks as sick as possible!
The death yak is heavily wounded.
The death yak barely misses you.
You hit the death yak.
The death yak looks as sick as possible!
The death yak is heavily wounded.
The death yak gores you!
Aiming: Ensorcelled Hibernation (safe; 3% risk of failure)
Press: ? - help, Q - select action, (/) - cycle Shift-Dir - straight line, f/p - death yak
Aim: a death yak (golden dust, heavily wounded, extremely poisoned, haloed, chance to affect: 5%)
The death yak resists with almost no effort.
The death yak gores you!
* * * LOW HITPOINT WARNING * * *
Okay, then.
Okay, then.
Okay, then.
The heavenly storm settles.
As you read the scroll of teleportation, it crumbles to dust.
You feel strangely unstable.
The death yak gores you but does no damage.
The death yak attacks as you move away! The death yak gores you!!
You die...

### #..#### .......#######
#........P##.P##########
...............P○☼##§#.###
#......##.##P..☼@YY☼Y..††##..
#......#######P##§####.......
#....## ###### #####.#.
####.# .. #.## ##### .
#####..### #######..P##
.........####.........>##
.........+..#...........#
............#..........##


You could see 2 death yaks.

Vanquished Creatures
  4 hydras
  Erica (D:8)
  A centaur warrior (D:11)
  3 two-headed ogres
  6 death yaks
  A deep troll (Lair:1)
  Pikel (D:5)
  A deep elf pyromancer (D:11)
  2 manticores (D:11)
  A cyclops (D:11)
  2 black mambas (Lair:2)
  3 merfolk sirens (Lair:3)
  8 elephants
  5 cane toads
  5 orange demons (D:10)
  Maggie (D:9)
  A gargoyle (D:10)
  A rime drake (Lair:1)
  6 komodo dragons
  A merfolk (Lair:3)
  3 trolls
  2 red devils (D:10)
  2 hornets
  Prince Ribbit (D:6)
  2 dream sheep (Lair:3)
  15 blink frogs
  Sigmund (D:2)
  A wraith (D:9)
  4 wyverns
  A vampire (D:10)
  37 yaks
  3 humans (Lair:3)
  3 basilisks
  A steam dragon (D:8)
  An acid dragon (D:10)
  5 water moccasins
  5 orc warriors
  2 ice beasts (D:7)
  A sky beast (D:8)
  A black bear (D:8)
  An ogre (D:6)
  14 wolves
  3 centaurs
  A lemure (D:5)
  2 kobold brigands
  Blork the orc (D:5)
  6 bullfrogs
  A jelly (D:5)
  2 gnoll sergeants (D:10)
  6 scorpions
  8 wights
  8 killer bees
  3 hounds
  2 gnoll boudas
  7 orc priests
  8 iguanas
  11 orc wizards
  A sleepcap (D:4)
  Terence (D:2)
  20 gnolls
  13 adders
  3 white imps
  An ufetubus (D:6)
  3 worms
  20 orcs
  11 bats
  6 endoplasms
  3 giant cockroaches
  5 goblins
  5 hobgoblins
  9 jackals (D:4)
  8 kobolds
  7 quokkas
  13 ball pythons
  3 frilled lizards
  3 rats
  2 butterflies (Lair:2)
366 creatures vanquished.

Vanquished Creatures (collateral kills)
  A red devil (D:10)
  A gnoll sergeant (D:10)
  4 wights
  A gnoll (D:10)
  A kobold (D:9)
8 creatures vanquished.

Vanquished Creatures (others)
  4 dancing weapons
  28 fungi
  22 plants
  4 toadstools (D:1)
58 creatures vanquished.

Grand Total: 432 creatures vanquished

Notes
Turn   | Place    | Note
-------+----------+-------------------------------------------
     0 | D:1      | voltaire321 the Kobold Enchanter began the quest for the
                  | Orb.
     0 | D:1      | Reached XP level 1. HP: 10/10 MP: 3/3
   288 | D:1      | Reached XP level 2. HP: 15/15 MP: 5/5
   291 | D:1      | Learned a level 2 spell: Ensorcelled Hibernation
   360 | D:1      | Reached skill level 7 in Stealth
   360 | D:1      | Reached XP level 3. HP: 23/23 MP: 8/8
  1026 | D:2      | Reached XP level 4. HP: 28/28 MP: 9/9
  1211 | D:2      | Noticed Sigmund
  1214 | D:2      | Killed Sigmund
  1215 | D:2      | Reached XP level 5. HP: 32/32 MP: 11/11
  1215 | D:2      | Reached XP level 6. HP: 37/37 MP: 12/12
  1241 | D:2      | Learned a level 3 spell: Confusing Touch
  1245 | D:2      | Learned a level 3 spell: Tukima's Dance
  1249 | D:2      | Learned a level 3 spell: Dazzling Flash
  1425 | D:2      | Noticed Terence
  1431 | D:2      | Killed Terence
  1587 | D:2      | Found a faded altar of an unknown god.
  1807 | D:3      | Reached skill level 8 in Stealth
  3286 | D:4      | Reached XP level 7. HP: 41/41 MP: 13/13
  3780 | D:4      | Found a staircase to the Ecumenical Temple.
  3853 | D:4      | Reached skill level 1 in Conjurations
  4011 | Temple   | Entered the Ecumenical Temple
  4037 | Temple   | Became a worshipper of the Wu Jian Council
  4217 | D:4      | Found an iron altar of Okawaru.
  4440 | D:5      | Entered Level 5 of the Dungeon
  4595 | D:5      | Noticed Blork the orc
  4599 | D:5      | Killed Blork the orc
  4600 | D:5      | Reached skill level 5 in Dodging
  4660 | D:5      | Reached XP level 8. HP: 48/48 MP: 14/14
  4797 | D:5      | Reached skill level 5 in Short Blades
  4910 | D:5      | Found a snail-covered altar of Cheibriados.
  5118 | D:5      | Found a radiant altar of Vehumet.
  5184 | D:5      | Noticed Pikel
  5187 | D:5      | Killed Pikel
  5188 | D:5      | Reached skill level 9 in Stealth
  5188 | D:5      | Reached skill level 5 in Hexes
  5188 | D:5      | Reached XP level 9. HP: 46/52 MP: 16/16
  5398 | D:6      | Noticed Prince Ribbit
  5402 | D:6      | Killed Prince Ribbit
  5403 | D:6      | Found a runed translucent door.
  5530 | D:6      | Noticed a two-headed ogre
  5627 | D:6      | Found a burning altar of Makhleb.
  5645 | D:6      | Found Veamiof's Antique Weapon Shoppe.
  6114 | D:7      | Noticed a hornet
  6131 | D:7      | Killed a hornet
  6132 | D:7      | Reached skill level 10 in Stealth
  6132 | D:7      | Reached skill level 5 in Spellcasting
  6313 | D:7      | Reached * piety under Wu Jian
  6722 | D:7      | Reached XP level 10. HP: 58/58 MP: 17/17
  6775 | D:7      | Reached skill level 5 in Fighting
  6957 | D:7      | Found a sparkling altar of Nemelex Xobeh.
  7409 | D:8      | Reached skill level 11 in Stealth
  7612 | D:8      | Noticed a two-headed ogre
  7621 | D:8      | Killed a two-headed ogre
  7625 | D:8      | Noticed Erica
  7672 | D:8      | Killed Erica
  7673 | D:8      | Reached skill level 5 in Ice Magic
  7915 | D:8      | Reached ** piety under Wu Jian
  8157 | D:8      | Found a hide-covered altar of Uskayaw.
  8435 | D:9      | Noticed a two-headed ogre
  8439 | D:9      | Killed a two-headed ogre
  8440 | D:9      | Reached skill level 12 in Stealth
  8440 | D:9      | Reached XP level 11. HP: 64/64 MP: 18/18
  8590 | D:9      | Identified the amulet of False Hope {Acrobat rC+}
  8729 | D:9      | Found a stormy altar of Qazlal.
  8729 | D:9      | Found an opulent altar of Gozag.
  8870 | D:9      | Found Wivail's General Store.
  8873 | D:9      | Noticed Maggie
  8876 | D:9      | Killed Maggie
  8962 | D:9      | Reached skill level 5 in Armour
  8969 | D:9      | Reached skill level 13 in Stealth
  8969 | D:9      | Reached skill level 5 in Conjurations
  9331 | D:9      | Noticed a two-headed ogre
  9347 | D:9      | Killed a two-headed ogre
  9901 | D:10     | Entered Level 10 of the Dungeon
  9931 | D:10     | Reached skill level 14 in Stealth
  9935 | D:10     | Reached XP level 12. HP: 72/72 MP: 19/19
  9935 | D:10     | Reached *** piety under Wu Jian
 10455 | D:10     | Reached skill level 15 in Stealth
 10467 | D:10     | Found the +11 Singing Sword {sonic wave}
 10574 | D:10     | Reached skill level 1 in Shields
 11663 | D:11     | Reached **** piety under Wu Jian
 11743 | D:11     | Noticed a centaur warrior
 11752 | D:11     | Killed a centaur warrior
 11875 | D:11     | Found a staircase to the Lair.
 12375 | D:11     | Found a staircase to the Orcish Mines.
 12644 | Lair:1   | Entered Level 1 of the Lair of Beasts
 12739 | Lair:1   | Identified the +9 halberd of Frustration {elec, rF+ rCorr
                  | SInv}
 12810 | Lair:1   | Noticed a deep troll
 12820 | Lair:1   | Killed a deep troll
 12821 | Lair:1   | Reached skill level 16 in Stealth
 12991 | Lair:1   | Reached XP level 13. HP: 79/79 MP: 21/21
 13192 | Lair:1   | Reached skill level 10 in Dodging
 13556 | Lair:1   | Found an ancient bone altar of Kikubaaqudgha.
 13880 | Lair:2   | Reached skill level 17 in Stealth
 13893 | Lair:2   | Reached skill level 5 in Shields
 14084 | Lair:2   | Found a runed translucent gate.
 14085 | Lair:2   | Found a runed translucent gate.
 14085 | Lair:2   | Found a runed translucent gate.
 14097 | Lair:2   | Noticed a minotaur
 14178 | Lair:2   | Noticed a four-headed hydra
 14202 | Lair:2   | Killed a four-headed hydra
 14411 | Lair:2   | Noticed an eight-headed hydra
 14415 | Lair:2   | Killed an eight-headed hydra
 14811 | Lair:2   | Found a hole to the Spider Nest.
 14951 | Lair:2   | Noticed elongatedgoose's ghost (journeyman HOFi)
 15064 | Lair:3   | Learned a level 6 spell: Plasma Beam
 15188 | Lair:3   | Reached skill level 1 in Fire Magic
 15197 | Lair:3   | Reached skill level 1 in Air Magic
 15233 | Lair:3   | Noticed an eight-headed hydra
 15236 | Lair:3   | Killed an eight-headed hydra
 15246 | Lair:3   | Found a staircase to the Shoals.
 15331 | Lair:3   | Reached XP level 14. HP: 87/87 MP: 24/24
 15944 | Lair:3   | Reached skill level 18 in Stealth
 15950 | Lair:3   | Reached skill level 10 in Fighting
 16908 | Lair:4   | Identified 3 scrolls of acquirement
 16908 | Lair:4   | Acquired 1175 gold pieces
 16910 | Lair:4   | Acquired 868 gold pieces
 16912 | Lair:4   | Acquired 1010 gold pieces
 16996 | Lair:4   | Found a staircase to the Slime Pits.
 16996 | Lair:4   | Found a viscous altar of Jiyva.
 17122 | Lair:4   | Reached ***** piety under Wu Jian
 17466 | Lair:4   | Slain by a death yak

Illustrated notes

Levels and vault maps discovered:
D:1:      lightli_arrival_lavapool, layout_basic, dk_noncrumbling_3,
          minmay_misc_feat_chi, minmay_gold_behind_fungi, kennysheep_doodads
D:2:      layout_loops_ring, hellmonk_ecumenical_altar_prayer_group,
          uniq_terence, uniq_sigmund
D:3:      layout_basic, minmay_snake_closets
D:4:      layout_basic, okawaru_altar_gauntlet_db,
          minmay_temple_entry_statues_fountains, chequers_serial_rivers_large_b
D:5:      layout_gridville, nicolae_vehumet_altar_sigil, kennysheep_mini_moat,
          uniq_pikel, uniq_blork_the_orc
D:6:      layout_rooms, kennysheep_mini, ebering_ghost_reflecting_pool,
          serial_shops, nicolae_shop_trees, ebering_dispersal_statue_hall,
          serial_bayou_pond_e, minmay_misc_feat_diagonals, uniq_prince_ribbit1
D:7:      minmay_angry_zag, layout_rooms, nemelex_spade_bored_becter,
          chequers_serial_rivers_small_3, kennysheep_generic_room_2
D:8:      layout_loops_ring, mainiacjoe_overflow_brackets, uniq_erica
D:9:      layout_basic, gammafunk_temple_overflow_wave, serial_shops, shop,
          kennysheep_generic_room_14, uniq_maggie
D:10:     old_forge, layout_rooms, minmay_beelzebubs_servants
D:11:     minmay_weird_star, layout_loops_cross, david_lair_generic, orc_0_dummy
Temple:   eino_temple_lava
Lair:1:   dreamdust_cave_troll, layout_cave_shapes, basic_altar,
          grunt_megastairs_4
Lair:2:   layout_loops_ring, spider_nest_entry_web_field,
          maelrawn_ghost_gauntlet_escape, grunt_megastairs_1,
          lemuel_fruit_fields, lemuel_fruit_tree
Lair:3:   slaughterhouse, layout_misc_corridors, elwin_shoals_entry_stream
Lair:4:   layout_roguey, slime_entry_1, nicolae_quartered_pool_little

Skill      XL: |  1  2  3  4  5  6  7  8  9 10 11 12 13 14 |
---------------+-------------------------------------------+-----
Fighting       | 3 4 6 7 8 9 10 | 10.2
Short Blades   | 4 5 6 |  6.5
Armour         | 2 3 4 5 |  5.0
Dodging        | 4 5 6 7 8 9 10 11 | 11.3
Stealth        | 7 8 9 10 12 14 16 17 18 | 18.3
Spellcasting   | 3 4 5 7 |  7.5
Hexes          | 4 5 6 8 9 |  9.4
Ice Magic      | 2 3 4 5 |  5.0
Conjurations   | 1 2 3 4 5 |  5.0
Shields        | 3 5 |  5.0
Fire Magic     | 1 3 |  3.8
Air Magic      | 1 3 |  3.8

Action                     |  1- 3 |  4- 6 |  7- 9 | 10-12 | 13-15 || total
---------------------------+-------+-------+-------+-------+-------++-------
  Melee: Dagger            |    39 |    86 |   166 |   442 |   493 ||  1226
         Punch             |       |       |       |     3 |       ||     3
   Cast: Ensorcelled Hiber |     7 |    13 |    65 |    69 |    90 ||   244
         Confusing Touch   |       |     1 |     1 |     4 |       ||     6
         Tukima's Dance    |       |       |     5 |    31 |       ||    36
         Dazzling Flash    |       |       |       |     1 |       ||     1
 Invoke: Heavenly Storm    |       |       |       |       |     1 ||     1
Ability: Lunge             |       |       |    11 |    52 |    24 ||    87
         Whirlwind         |       |       |     2 |    21 |   183 ||   206
  Evoke: Wand              |       |       |     4 |       |       ||     4
    Use: Scroll            |     4 |       |     6 |    17 |     9 ||    36
         Potion            |     1 |       |     5 |     5 |       ||    11
   Stab: Sleeping          |    13 |    33 |    52 |    91 |    58 ||   247
         Confused          |       |     1 |     1 |     5 |       ||     7
         Distracted        |       |       |     1 |     7 |     6 ||    14
         Invisible         |       |       |       |     1 |       ||     1
 Armour: Robe              |    13 |       |       |       |       ||    13
         Leather armour    |       |    13 |    53 |     8 |       ||    74
         Steam dragon scal |       |       |       |    25 |       ||    25
         Acid dragon scale |       |       |       |    21 |       ||    21
         Swamp dragon scal |       |       |       |     1 |    97 ||    98
  Dodge: Dodged            |    24 |    49 |   164 |   206 |   197 ||   640
  Block: Other             |       |       |       |    23 |       ||    23
         Buckler           |       |       |       |    48 |   188 ||   236
         Reflection        |       |       |       |     1 |       ||     1

Table legend: (Time is in decaauts)
 A = Elapsed time spent in this place.
 B = Non-inter-level travel time spent in this place.
 C = Inter-level travel time spent in this place.
 D = Time resting spent in this place.
 E = Time spent auto-exploring this place.
 F = Levels seen in this place.
 G = Mean time per level.
                   A        B        C        D        E       F      G
               +--------+--------+--------+--------+--------+-----+--------+
         Total |  17315 |  16624 |    691 |   3478 |   9867 |  16 | 1082.2 |
       Dungeon |  12412 |  11797 |    615 |   2054 |   7482 |  11 | 1128.4 |
        Temple |    133 |    125 |      8 |      0 |     99 |   1 |  133.0 |
          Lair |   4768 |   4700 |     68 |   1424 |   2285 |   4 | 1192.0 |
               +--------+--------+--------+--------+--------+-----+--------+

Top non-repeatable levels by time:
  Lair:2: 1898 daAuts
     D:9: 1641 daAuts
    D:10: 1525 daAuts
     D:4: 1296 daAuts
     D:3: 1241 daAuts
     D:7: 1208 daAuts
    D:11: 1128 daAuts
  Lair:3: 1070 daAuts
  Lair:1: 1056 daAuts
     D:1: 967 daAuts
     D:8: 965 daAuts
     D:5: 889 daAuts
     D:2: 815 daAuts
  Lair:4: 743 daAuts
     D:6: 734 daAuts
